 Dungeon Crawl Stone Soup version 0.28-b1-25-g9875b3fc8c (webtiles) character file.

Game seed: 16503864842232578852

51 sanka the Ducker (level 3, -4/21 HPs)
             Began as a Tengu Enchanter on Feb 5, 2022.
             Slain by a scorpion (9 damage)
             ... on level 5 of the Dungeon.
             The game lasted 00:01:32 (1809 turns).

sanka the Ducker (Tengu Enchanter)                  Turns: 1809, Time: 00:01:33

Health: -4/21      AC:  2    Str:  8    XL:     3   Next: 81%
Magic:  7/7        EV: 13    Int: 17    God:
Gold:   34         SH:  0    Dex: 14    Spells: 6/6 levels left

rFire   . . .      SeeInvis .   h - +0 flail
rCold   . . .      Faith    .   (no shield)
rNeg    . . .      Spirit   .   b - +0 robe
rPois   .          Reflect  .   (helmet restricted)
rElec   .          Harm     .   (no cloak)
rCorr   .          Rampage  .   (no gloves)
Will    .....                   (boots unavailable)
Stlth   ++........              (no amulet)
HPRegen 0.07/turn               (no ring)
MPRegen 0.10/turn               (no ring)

@: lethally poisoned (-4 -> -11), invisible
A: beak, talons 3
a: no special abilities


You were on level 5 of the Dungeon.
You visited 1 branch of the dungeon, and saw 4 of its levels.

You collected 34 gold pieces.

Inventory:

Hand Weapons
 a - a +1 dagger
 h - a +0 flail (weapon)
Armour
 b - a +0 robe (worn)
Scrolls
 e - a scroll of amnesia {unknown}
 f - 3 scrolls of teleportation {unknown}
 g - a scroll of identify {unknown}
Potions
 d - 2 potions of degeneration {unknown}


   Skills:
 + Level 2.2 Fighting
 - Level 1.1 Short Blades
 + Level 3.4 Dodging
 - Level 3.0 Stealth
 - Level 2.0 Spellcasting
 - Level 2.1 Hexes


You had 6 spell levels left.
You didn't know any spells.
Your spell library contained the following spells:

 Spells                   Type           Power      Damage    Failure   Level
 Ensorcelled Hibernation  Hex/Ice        10%        N/A       19%         2
 Confusing Touch          Hex            9%         N/A       24%         3
 Tukima's Dance           Hex            9%         N/A       24%         3
 Dazzling Flash           Conj/Hex       10%        N/A       36%         3


Dungeon Overview and Level Annotations

Branches:
Dungeon (5/15)
 Temple: D:4-7

Altars:


Innate Abilities, Weirdness & Mutations

You have a beak for a mouth.
You have claws for feet.


Message History

Unknown command.
A sourceless malevolence fills the Dungeon...
You fall into a shaft and drop 2 floors!
The shaft crumbles and collapses.
An iguana comes into view.
The iguana hisses angrily.
Found a stone staircase leading down.
There is a stone staircase leading down here.
A scorpion comes into view.
You closely miss the iguana. You claw the iguana.
You peck the iguana, but do no damage.
The iguana is moderately wounded.
The iguana hisses menacingly.
The iguana closely misses you. The iguana barely misses you.
The iguana bites you!
Ouch! That really hurt!
The iguana bites you but does no damage.
There is a stone staircase leading down here.
The scorpion closely misses you.
You climb downwards.
Found 15 gold pieces.
There is a stone staircase leading up here.
Unknown command.
The scorpion barely misses you.
You see here 15 gold pieces.
You fade into invisibility!
The scorpion barely misses you.
You strike the helpless scorpion from behind!
You hit the scorpion. Your kick misses the scorpion.
Your peck misses the scorpion.
The scorpion is lightly wounded.
The scorpion barely misses you.
You catch the helpless scorpion completely off-guard!
You hit the scorpion but do no damage. You peck the scorpion.
The scorpion is moderately wounded.
The scorpion stings you.
* * * LOW HITPOINT WARNING * * *
You are lethally poisoned!
The scorpion poisons you! The scorpion stings you!
You die...

#.# #.#
##.##
##...##
#.....#
#..<#
##.##
#s# #@#
#.# #.#
#.# #.#
#.# #.#
#.#


You could see a scorpion.

Vanquished Creatures
  2 adders (D:2)
  A worm (D:2)
  A dart slug (D:1)
  2 endoplasms (D:1)
  2 giant cockroaches (D:1)
  3 goblins
  3 hobgoblins
  4 kobolds (D:1)
  A quokka (D:1)
  4 ball pythons (D:1)
  2 bats (D:1)
  A frilled lizard (D:2)
26 creatures vanquished.

Notes
Turn   | Place    | Note
-------+----------+-------------------------------------------
     0 | D:1      | sanka the Tengu Enchanter began the quest for the Orb.
     0 | D:1      | Reached XP level 1. HP: 10/10 MP: 4/4
   184 | D:1      | Reached skill level 1 in Fighting
   184 | D:1      | Reached XP level 2. HP: 9/16 MP: 6/6
  1233 | D:1      | Reached XP level 3. HP: 19/20 MP: 7/7
  1781 | D:2      | You fall into a shaft and drop 2 floors!
  1792 | D:4      | Noticed a scorpion
  1803 | D:5      | Entered Level 5 of the Dungeon
  1809 | D:5      | Slain by a scorpion

Illustrated notes

Levels and vault maps discovered:
D:1:      dpeg_arrival_water_temple_mockup, layout_loops_corners
D:2:      layout_rooms, dreamdust_ecumenical_altar_angels_and_demons
D:4:      layout_layer_cave, minmay_temple_entry_poolview
D:5:      layout_loops_ring, serial_shops, nicolae_square_shop

Skill      XL: |  1  2  3 |
---------------+----------+-----
Fighting       | 1 2 |  2.2
Dodging        | 3 |  3.4
Short Blades   | |  1.1
Stealth        | |  3.0
Spellcasting   | |  2.0
Hexes          | |  2.1

Action                   || total
-------------------------++-------
Melee: Dagger            ||    74
       Kick              ||    21
       Peck              ||    18
       Punch             ||     2
       Flail             ||    26
  Use: Potion            ||     1
 Stab: Sleeping          ||     2
       Invisible         ||     2
Armor: Robe              ||    18
Dodge: Dodged            ||    62
